Map: Eternal Empire LE

Players

max - Winner!

  • Race: Terran Terran
  • Spawn Location: 1:00

A.I. 1 (Very Hard)

  • Race: Protoss Protoss
  • Spawn Location: 7:00

VOD

Have the link to the VOD?

Description

Time

  • Played on: April 5, 2020, 1:25 p.m.
  • Length: 19:31
Show
View Real Time Build Order
Export as new Build Order

max Terran - Winner!

Build Orders: Liberator Opening 

Get SALT Encoding   

  12  0:01  SCV  
  13  0:13  SCV  
  14  0:18  Supply Depot  
  14  0:25  SCV  
  15  0:39  SCV  
  15  0:41  Barracks  
  16  0:46  Refinery  
  16  0:51  SCV  
  17  1:03  SCV  
  18  1:15  SCV  
  19  1:30  Barracks Reactor  
  19  1:37  Command Center  
  19  1:44  Supply Depot  
  19  1:45  SCV, Refinery  
  20  2:06  Factory  
  20  2:07  Marine  
  20  2:08  Marine  
  22  2:25  Marine x2  
  24  2:31  Orbital Command  
  24  2:43  Marine x2  
  26  2:49  SCV  
  27  2:51  Factory Tech Lab  
  27  3:01  Marine x2  
  29  3:06  Starport  
  29  3:13  SCV  
  29  3:15  SCV  
  31  3:20  Marine  
  31  3:21  Marine  
  33  3:33  Siege Tank  
  36  3:37  SCV  
  36  3:40  SCV  
  38  3:45  Marine  
  38  3:48  Marine  
  39  3:49  SCV  
  41  3:57  Liberator  
  44  4:10  Supply Depot  
  44  4:21  Marine x2  
  46  4:33  Supply Depot  
  46  4:36  Siege Tank  
  49  4:38  Marine  
  49  4:39  Marine  
  49  4:45  Barracks  
  51  4:48  Starport Reactor, Barracks  
  51  4:54  SCV  
  51  4:55  SCV  
  51  4:56  Marine  
  51  4:59  Refinery  
  54  5:01  Refinery  
  54  5:06  SCV  
  54  5:07  Supply Depot  
  55  5:12  Siege Tank  
  58  5:16  Marine  
  59  5:22  SCV  
  59  5:28  Medivac  
  63  5:34  Medivac  
  64  5:40  Barracks  
  64  5:43  Barracks, Barracks Tech Lab  
  64  5:46  Barracks Reactor  
  64  5:49  Supply Depot  
  64  5:55  SCV  
  64  5:56  SCV  
  66  6:01  Marine  
  66  6:02  Marine  
  66  6:03  Marine  
  69  6:11  Supply Depot  
  69  6:13  SCV  
  69  6:16  SCV  
  71  6:19  Marine  
  71  6:20  Marine  
  71  6:21  Marine  
  74  6:25  SCV  
  74  6:27  Marine x2  
  74  6:28  SCV  
  74  6:30  Barracks Tech Lab  
  78  6:34  Barracks Reactor  
  78  6:37  Barracks Reactor  
  78  6:38  SCV  
  79  6:41  Marine  
  79  6:42  Marine x2  
  79  6:45  Marine x2  
  84  6:59  Marine  
  84  7:00  Marine  
  86  7:09  Supply Depot  
  86  7:10  Engineering Bay  
  86  7:16  Command Center  
  86  7:30  Marine x8  
  86  7:34  Supply Depot  
  94  7:50  Armory  
  94  7:51  Terran Infantry Weapons Level 1  
  94  7:56  Medivac x2, Marine, Siege Tank  
  102  8:11  Stimpack  
  102  8:19  Supply Depot  
  102  8:27  Marine x8  
  102  8:32  Siege Tank  
  113  8:36  Marine  
  114  8:41  Supply Depot  
  114  8:45  Marine x2  
  116  8:53  Fusion Core  
  116  8:54  Terran Vehicle Weapons Level 1  
  116  8:58  Liberator  
  116  8:59  Liberator  
  122  9:03  Supply Depot  
  122  9:22  SCV x2  
  122  9:23  Missile Turret  
  124  9:26  Supply Depot  
  118  9:34  SCV x2  
  111  9:42  Missile Turret  
  106  9:46  SCV x2  
  108  9:53  Medivac x2  
  108  9:54  Marine  
  108  9:56  Siege Tank  
  108  9:57  Marine  
  108  9:58  SCV, Marine x3  
  108  9:59  Marine  
  122  10:02  Missile Turret  
  122  10:07  Marine  
  122  10:08  Marine x2  
  122  10:12  Marine  
  126  10:15  Marine x2  
  122  10:22  Missile Turret  
  122  10:28  Siege Tank  
  115  10:47  Marine x7  
  115  10:48  Marine x2  
  114  10:50  Medivac x2  
  113  11:00  Siege Tank  
  116  11:04  Marine x2  
  116  11:05  Marine  
  116  11:09  Marine x5  
  116  11:10  Marine  
  118  11:22  Marine x3  
  120  11:32  Siege Tank  
  114  12:04  Marine, Siege Tank  
  114  12:05  Marine x7  
  114  12:06  Marine  
  126  12:22  Marine x2  
  126  12:23  Marine x6, Terran Infantry Weapons Level 2  
  126  12:24  Terran Vehicle Weapons Level 2, Marine  
  126  12:28  Rapid Reignition System  
  134  12:40  Marine x3  
  127  13:20  Marine x4  
  127  13:21  Marine x5  
  127  13:23  Siege Tank  
  127  13:24  Medivac  
  141  13:36  Command Center  
  141  13:43  Starport  
  141  13:45  Starport  
  141  13:50  Command Center, Starport  
  141  13:52  Starport  
  141  14:08  Refinery  
  141  14:16  Refinery  
  141  14:27  Supply Depot  
  141  14:29  Starport Tech Lab  
  141  14:31  Starport Tech Lab  
  141  14:33  Starport Tech Lab x2  
  141  14:47  Medivac, Marine x5  
  141  14:48  Siege Tank  
  151  15:08  Terran Infantry Weapons Level 3  
  151  15:09  Terran Vehicle Weapons Level 3  
  151  15:11  Weapon Refit  
  151  15:20  Siege Tank  
  154  15:33  Unknown  
  154  15:37  Refinery, Marine x2  
  154  15:38  Marine x6  
  154  15:39  Marine  
  163  15:43  SCV  
  163  15:46  Refinery  
  164  15:52  Siege Tank  
  164  15:55  Marine x3  
  164  15:56  Marine x6  
  176  16:12  Marine  
  177  17:58  Supply Depot  
  177  18:04  Supply Depot  
  177  18:19  Battlecruiser, Siege Tank  
  186  18:20  Supply Depot  
  186  18:26  Battlecruiser  
  192  18:27  Supply Depot  
  192  18:43  Supply Depot  
  198  18:49  Supply Depot  
  198  19:04  Marine  
  198  19:05  Marine  
  198  19:06  Supply Depot  
  200  19:11  Supply Depot  
  200  19:29  Supply Depot  
Show
View Real Time Build Order
Export as new Build Order

A.I. 1 (Very Hard) Protoss 

Build Orders: Zealot Archon 

Get SALT Encoding   

  12  0:00  Probe  
  13  0:13  Probe  
  14  0:20  Pylon  
  14  0:25  Probe  
  15  0:34  Probe  
  15  0:42  Probe  
  16  0:48  Assimilator  
  17  0:51  Gateway  
  17  0:52  Probe  
  18  1:00  Probe  
  18  1:01  Pylon  
  18  1:08  Probe  
  20  1:18  Probe  
  21  1:30  Probe  
  22  1:38  Zealot  
  22  1:39  Cybernetics Core  
  24  1:43  Probe  
  25  1:57  Nexus  
  25  2:09  Gateway  
  25  2:11  Zealot  
  25  2:17  Pylon  
  27  2:23  Probe  
  27  2:26  Warp Gate  
  28  2:35  Probe  
  28  2:36  Assimilator  
  29  2:44  Adept  
  31  2:48  Probe  
  31  2:51  Adept  
  34  2:59  Probe, Pylon  
  35  3:07  Probe  
  36  3:14  Adept  
  36  3:16  Sentry  
  40  3:30  Probe  
  41  3:39  Gateway  
  41  3:40  Probe  
  42  3:42  Stalker  
  42  3:44  Stalker  
  46  3:49  Probe  
  47  3:57  Probe  
  47  4:01  Probe  
  49  4:03  Stalker  
  49  4:09  Probe x2  
  53  4:17  Probe  
  53  4:21  Probe, Stalker  
  57  4:28  Probe  
  58  4:33  Probe, Stalker  
  58  4:34  Pylon  
  61  4:43  Pylon  
  61  4:52  Probe x2, Stalker x2  
  65  4:59  Stalker  
  69  5:04  Probe x2  
  69  5:05  Pylon  
  71  5:13  Pylon  
  71  5:15  Stalker x2  
  71  5:16  Probe x2  
  77  5:23  Stalker  
  79  5:28  Probe x2  
  79  5:30  Stalker  
  79  5:35  Pylon  
  83  5:38  Stalker  
  83  5:41  Probe x2  
  87  5:46  Stalker, Assimilator  
  87  5:48  Twilight Council  
  89  5:50  Stalker  
  89  5:53  Probe x2  
  93  6:00  Pylon  
  93  6:01  Zealot  
  95  6:08  Assimilator  
  95  6:10  Sentry  
  97  6:16  Gateway  
  97  6:21  Pylon  
  97  6:26  Templar Archives  
  97  6:31  Probe  
  98  6:40  Pylon  
  98  6:43  Zealot  
  100  6:57  Forge  
  100  7:00  Forge  
  100  7:03  High Templar x2  
  100  7:06  Robotics Facility  
  104  7:14  Gateway  
  104  7:22  High Templar  
  106  7:26  Archon  
  106  7:29  Zealot  
  108  7:31  Zealot  
  108  7:32  High Templar  
  108  7:33  Pylon  
  108  7:36  Photon Cannon  
  112  7:38  Pylon  
  112  7:39  Nexus  
  112  7:43  Archon  
  112  7:46  High Templar  
  114  7:53  Observer  
  115  7:58  Photon Cannon  
  115  8:03  Photon Cannon  
  115  8:04  High Templar  
  117  8:07  Photon Cannon  
  117  8:12  Gateway  
  117  8:13  Warp Prism  
  117  8:17  Archon, High Templar  
  121  8:32  High Templar  
  123  8:39  Photon Cannon  
  123  8:45  High Templar  
  125  8:49  Warp Prism  
  125  8:52  Probe x3  
  130  9:00  High Templar  
  132  9:04  Probe x2, Assimilator  
  132  9:05  Probe  
  132  9:07  Pylon  
  132  9:08  Assimilator  
  135  9:12  Nexus, Photon Cannon  
  135  9:14  Archon  
  135  9:15  High Templar  
  135  9:16  Probe  
  135  9:17  Probe x2, Immortal  
  140  9:26  Probe, Zealot x3  
  140  9:28  Probe  
  140  9:29  Adept  
  140  9:30  Probe, Zealot  
  143  9:33  Pylon  
  143  9:37  Probe  
  125  9:40  Probe  
  125  9:42  Probe  
  104  9:46  Zealot x2, Adept  
  104  9:47  Zealot  
  104  9:49  Zealot  
  104  9:50  Sentry  
  104  9:52  Probe  
  109  10:03  Zealot  
  109  10:06  Stalker, Zealot, High Templar  
  117  10:09  Zealot  
  117  10:13  Stargate, Zealot  
  119  10:17  Stalker  
  121  10:24  Probe  
  121  10:25  Probe  
  121  10:27  Zealot  
  121  10:28  High Templar  
  117  10:29  Sentry  
  117  10:33  Zealot  
  111  10:36  Archon  
  111  10:37  Assimilator  
  111  10:38  Stalker  
  111  10:40  Zealot, Assimilator  
  111  10:45  Zealot  
  111  10:47  High Templar  
  95  10:52  High Templar  
  95  10:53  Zealot  
  95  10:56  Phoenix  
  89  10:59  Zealot  
  89  11:01  Adept  
  89  11:02  Probe, Zealot  
  86  11:04  Probe  
  86  11:05  Probe x2  
  70  11:13  Zealot, High Templar  
  70  11:14  Probe  
  70  11:17  Probe x3  
  67  11:19  High Templar  
  67  11:21  Zealot, Phoenix  
  67  11:22  Stalker  
  67  11:24  Zealot  
  65  11:26  Probe  
  65  11:28  Probe  
  65  11:31  Zealot  
  62  11:35  Probe  
  56  11:41  Probe, Sentry, Adept  
  56  11:45  Probe, Zealot, High Templar  
  59  11:51  High Templar  
  59  11:52  Probe x2  
  59  11:54  Stalker  
  65  11:58  Probe, Stalker  
  61  12:02  Stalker  
  61  12:06  Zealot  
  47  12:19  High Templar  
  47  12:21  Zealot  
  31  12:46  High Templar  
  31  13:01  Zealot  
  33  13:09  Zealot, High Templar  
  29  13:13  Zealot  
  25  13:20  Zealot  
  25  13:47  Nexus  
  25  14:10  Zealot  
  25  14:13  Cybernetics Core  
  24  14:31  Zealot  
  22  14:47  Zealot  
  24  15:01  Stalker  
  25  15:15  Gateway  
  25  15:22  Probe  
  25  15:26  Probe x2  
  26  15:48  Probe  
  26  15:53  Probe x2  
  26  15:56  Probe  
  29  16:05  Probe, Pylon  
  29  16:07  Probe  
  29  16:09  Zealot  
  32  16:14  Probe  
  32  16:21  Probe  
  32  16:40  Gateway  
  32  16:49  Probe  
  32  16:50  Twilight Council  
  30  16:57  Probe  
  30  16:59  Probe  
  31  17:07  Probe  
  28  17:12  Probe  
  24  17:19  Probe  
  24  17:20  Probe  
  22  17:31  Probe  
  22  17:33  Adept  
  18  17:53  Zealot  
  16  18:10  Pylon  
  15  18:38  Nexus  
  15  18:41  Pylon  
  15  18:52  Nexus  
  15  19:03  Nexus  
Tags
 
Add a new tag
Caveats
  • Supply blocks, unpowered buildings, or Contaminate may cause inaccurate times.
  • Supply counts are checked every 10 seconds.